Map: Abyssal Reef LE

Players

SaxyPuskas - Winner!

  • Race: Protoss Protoss
  • League: Diamond
  • Spawn Location: 11:00

Iceman

  • Race: Zerg Zerg
  • League: Diamond
  • Spawn Location: 5:00

VOD

Have the link to the VOD?

Description

Time

  • Played on: Jan. 2, 2018, 1:36 p.m.
  • Length: 6:55
Show
View Real Time Build Order
Export as new Build Order

SaxyPuskas Protoss - Winner!

Build Orders: Nexus First 

Get SALT Encoding   

  12  0:00  Probe  
  13  0:12  Probe  
  14  0:21  Pylon  
  14  0:25  Pylon  
  14  0:26  Probe  
  15  0:45  Probe (Chrono Boost)  
  16  0:54  Probe  
  17  1:04  Nexus  
  17  1:13  Gateway  
  17  1:21  Probe  
  17  1:24  Assimilator  
  18  1:30  Assimilator  
  18  1:33  Probe  
  19  1:45  Probe  
  20  1:57  Probe (Chrono Boost)  
  20  2:01  Cybernetics Core  
  21  2:10  Probe (Chrono Boost)  
  22  2:17  Probe (Chrono Boost)  
  22  2:19  Probe (Chrono Boost)  
  24  2:24  Probe, Warp Gate (Chrono Boost)  
  25  2:30  Probe  
  25  2:36  Probe  
  27  2:42  Probe  
  27  2:43  Twilight Council, Adept  
  30  2:48  Probe  
  30  2:50  Pylon  
  31  2:54  Probe  
  32  3:11  Robotics Facility, Stalker  
  34  3:13  Probe  
  34  3:19  Probe, Charge (Chrono Boost)  
  36  3:25  Probe  
  37  3:32  Probe  
  37  3:33  Pylon  
  38  3:42  Gateway  
  38  3:43  Gateway  
  38  3:46  Gateway  
  38  4:01  Gateway  
  38  4:03  Gateway  
  38  4:05  Gateway  
  38  4:07  Gateway  
  38  4:08  Pylon  
  38  4:11  Warp Prism (Chrono Boost)  
  40  4:25  Shield Battery  
  40  4:30  Pylon  
  40  4:35  Adept  
  37  4:58  Zealot x2  
  37  4:59  Zealot  
  40  5:02  Zealot x2  
  40  5:04  Probe  
  40  5:05  Probe  
  41  5:12  Zealot x3  
  47  5:16  Probe  
  47  5:19  Zealot x3  
  54  5:31  Zealot x2  
  58  5:40  Zealot x3  
  58  5:41  Zealot x2  
  64  5:51  Zealot  
  64  5:52  Zealot x2  
  70  6:08  Probe  
  70  6:09  Probe  
  70  6:14  Pylon  
  70  6:16  Pylon  
  68  6:18  Pylon  
  68  6:20  Pylon  
  68  6:21  Probe  
  69  6:36  Zealot x3  
  69  6:37  Zealot x3  
  69  6:38  Zealot  
  81  6:53  Zealot  
Show
View Real Time Build Order
Export as new Build Order

Iceman Zerg 

Build Orders: Hatch First 

Get SALT Encoding   

  12  0:01  Drone  
  13  0:13  Overlord  
  13  0:18  Drone  
  14  0:31  Drone x2  
  14  0:34  Drone  
  17  0:54  Hatchery  
  16  0:59  Drone  
  16  1:00  Drone  
  18  1:19  Drone x2  
  18  1:22  Extractor  
  19  1:28  Spawning Pool  
  18  1:37  Drone  
  19  1:40  Overlord  
  20  2:15  Zergling x4  
  20  2:16  Zergling x2  
  20  2:20  Queen  
  24  2:29  Hatchery  
  23  2:30  Queen  
  25  2:37  Metabolic Boost  
  26  2:44  Drone  
  26  2:50  Drone x2  
  28  2:52  Drone  
  28  2:57  Drone x2  
  31  3:08  Evolution Chamber  
  31  3:10  Zergling x6  
  33  3:13  Zergling x2  
  33  3:16  Zergling x2  
  35  3:22  Drone  
  36  3:38  Overlord x2  
  36  3:45  Drone x5  
  41  3:56  Drone x3, Queen  
  41  3:58  Drone  
  47  4:03  Spore Crawler  
  47  4:05  Spore Crawler  
  45  4:21  Drone x7  
  51  4:30  Drone x2  
  53  4:36  Spore Crawler  
  53  4:37  Drone x4  
  56  4:45  Overlord, Roach Warren  
  52  5:12  Spine Crawler  
  52  5:13  Spine Crawler  
  49  5:16  Extractor  
  49  5:18  Zergling x20  
  49  5:19  Overlord  
  49  5:20  Overlord x3  
  58  5:25  Zergling x2  
  57  5:34  Roach x2  
  58  5:41  Roach x2  
  60  5:42  Roach  
  58  5:54  Roach Warren, Roach  
  58  5:55  Zergling x12  
  60  5:57  Zergling x2  
  55  6:07  Zergling x10  
  53  6:13  Zergling x4  
  53  6:17  Zergling x2  
  48  6:21  Zergling x2  
  48  6:22  Zergling x2  
  46  6:27  Zergling x2  
  44  6:38  Spine Crawler x2, Extractor  
  44  6:39  Extractor  
Tags
 
Add a new tag
Caveats
  • Supply blocks, unpowered buildings, or Contaminate may cause inaccurate times.
  • Supply counts are checked every 10 seconds.